 Dungeon Crawl Stone Soup version 0.27.0-1-g7a089689b8 (webtiles) character file.

Game seed: 6700382452668692049

91 Descartes the Vexing (level 4, -1/21 HPs)
             Began as a Spriggan Arcane Marksman on Aug 11, 2021.
             Slain by an orc wizard (2 damage)
             ... on level 3 of the Dungeon.
             The game lasted 00:05:16 (3303 turns).

Descartes the Vexing (Spriggan Arcane Marksman)     Turns: 3303, Time: 00:05:16

Health: -1/21      AC:  2    Str:  7    XL:     4   Next: 34%
Magic:  8/8        EV: 18    Int: 14    God:
Gold:   50         SH:  0    Dex: 15    Spells: 7/8 levels left

rFire    . . .     SeeInvis +   g - +0 dagger
rCold    . . .     Faith    .   (shield restricted)
rNeg     . . .     Spirit   .   d - +0 robe
rPois    .         Reflect  .   (helmet restricted)
rElec    .         Harm     .   (no cloak)
rCorr    .         Rampage  .   (gloves unavailable)
Will     .....                  (boots unavailable)
Stlth    ++........             (no amulet)
HPRegen  0.07/turn              (no ring)
MPRegen  0.11/turn              (no ring)

@: very quick
A: very small, no large weapons, unfitting armour, see invisible, speed 3
a: no special abilities


You were on level 3 of the Dungeon.
You visited 1 branch of the dungeon, and saw 3 of its levels.

You collected 50 gold pieces.

Inventory:

Hand Weapons
 a - a +0 hunting sling
 g - a +0 dagger (weapon)
Missiles
 c - 34 sling bullets
 h - 17 stones
 k - 15 poisoned darts
Armour
 d - a +0 robe (worn)
Scrolls
 b - a scroll of identify {unknown}
 e - a scroll of enchant armour {unknown}
 f - a scroll of brand weapon {unknown}
Potions
 i - a potion of curing {unknown}
 j - 2 potions of invisibility {unknown}
 l - a potion of heal wounds {unknown}


   Skills:
 - Level 0.7 Fighting
 + Level 3.3 Slings
 + Level 3.6 Dodging
 + Level 2.6 Stealth
 + Level 2.5 Spellcasting
 + Level 4.2 Hexes


You had 7 spell levels left.
You knew the following spells:

 Your Spells              Type           Power      Damage    Failure   Level
a - Corona                Hex            14%        N/A       4%          1

Your spell library contained the following spells:

 Spells                   Type           Power      Damage    Failure   Level
 Slow                     Hex            13%        N/A       6%          2
 Tukima's Dance           Hex            13%        N/A       12%         3
 Ensorcelled Hibernation  Hex/Ice        14%        N/A       14%         2
 Inner Flame              Hex/Fire       7%         N/A       28%         3
 Portal Projectile        Hex/Tloc       14%        N/A       28%         3
 Cause Fear               Hex            6%         N/A       36%         4


Dungeon Overview and Level Annotations

Branches:
Dungeon (3/15)

Altars:

Shops:
D:2 !


Innate Abilities, Weirdness & Mutations

You are very small and have problems with some larger weapons.
You are too small for most types of armour.
You have supernaturally acute eyesight. (SInv)
You cover ground extremely quickly. (Speed+++)


Message History

There is an open door here.
An orc wizard is nearby!
You shoot a sling bullet.
The sling bullet closely misses the orc wizard.
You shoot a sling bullet.
The sling bullet barely misses the orc wizard.
You shoot a sling bullet.
The sling bullet closely misses the orc wizard.
The orc wizard casts a spell at you.
You are confused.
You are too confused!
You are too confused!
The orc wizard casts a spell.
The orc wizard flickers and vanishes for a moment.
The orc wizard gestures at you while chanting.
You easily resist.
You see here a +0 club.
You are now empty-handed.
g - a +0 dagger (weapon)
The orc wizard completely misses you.
You hit the orc wizard but do no damage.
The orc wizard is moderately wounded.
You feel less confused.
The orc wizard gestures at you while chanting.
The puff of flame misses you.
The orc wizard points at you and mumbles some strange words.
The magic dart hits you!
* * * LOW HITPOINT WARNING * * *
You hit the orc wizard.
The orc wizard is moderately wounded.
The orc wizard casts a spell at you. The magic dart hits you.
* * * LOW HITPOINT WARNING * * *
You hit the orc wizard but do no damage.
The orc wizard is moderately wounded.
The orc wizard hits you but does no damage.
You barely miss the orc wizard.
The orc wizard is moderately wounded.
The orc wizard hits you with a +0 dagger.
You die...

#...........#.........
#....>.......o........
#.)..........#.#######
###.(....###.#.# #
#......# #.#.# #
#####'######.#o# #
#.........##.#.# #
#.........##.#.# #
#....@....+.....
#....o....##.#.((
#.........##.#....
##.........## #.....
#...).)....+ #.(....
#..........# #.((....
#..........+
#..........#
#)######+##.#


You could see an orc wizard (invisible).

Vanquished Creatures
  4 adders (D:2)
  A dart slug (D:1)
  6 orcs (D:3)
  3 endoplasms
  A goblin (D:1)
  6 hobgoblins
  2 jackals (D:2)
  2 quokkas (D:1)
  4 ball pythons
  2 bats (D:1)
  12 frilled lizards (D:2)
  3 kobolds
  4 rats
50 creatures vanquished.

Notes
Turn   | Place    | Note
-------+----------+-------------------------------------------
     0 | D:1      | Descartes the Spriggan Arcane Marksman began the quest for
                  | the Orb.
     0 | D:1      | Reached XP level 1. HP: 9/9 MP: 3/3
   299 | D:1      | Reached skill level 1 in Stealth
   299 | D:1      | Reached XP level 2. HP: 14/14 MP: 5/5
   900 | D:2      | Found Muuxoest's Distillery.
  1202 | D:2      | Reached skill level 4 in Hexes
  1202 | D:2      | Reached XP level 3. HP: 17/17 MP: 5/7
  2513 | D:2      | Reached XP level 4. HP: 21/21 MP: 8/8
  2585 | D:2      | Found Muuxoest's Distillery.
  3300 | D:3      | HP: 1/21 [orc wizard/magic dart (5)]
  3303 | D:3      | Slain by an orc wizard

Illustrated notes

Levels and vault maps discovered:
D:1:      dpeg_arrival_stonehenge_8_columns, layout_basic
D:2:      layout_basic, serial_shops, shop, minmay_lizard_pond
D:3:      layout_basic, ebering_ecumenical_altar_abandoned,
          gammafunk_ghost_necromancy

Skill      XL: |  1  2  3 |
---------------+----------+-----
Stealth        | 1 2 |  2.6
Dodging        | 3 |  3.6
Spellcasting   | 2 |  2.5
Hexes          | 4 |  4.2
Slings         | 3 |  3.3
Fighting       | |  0.7

Action                   |  1- 3 |  4- 6 || total
-------------------------+-------+-------++-------
Melee: Dagger            |       |     4 ||     4
 Fire: Hunting sling     |   141 |    28 ||   169
Armor: Robe              |     2 |     1 ||     3
Dodge: Dodged            |    42 |     4 ||    46
